 Dungeon Crawl Stone Soup version 0.21.1-1-g345015f (webtiles) character file.

47 letownia2 the Poker (level 3, -10/27 HPs)
             Began as a Merfolk Skald on Mar 13, 2018.
             Mangled by an iguana (14 damage)
             ... on level 4 of the Dungeon.
             The game lasted 00:03:13 (522 turns).

letownia2 the Poker (Merfolk Skald)                  Turns: 522, Time: 00:03:13

Health: -10/27     AC:  3    Str: 11    XL:     3   Next: 70%
Magic:  6/6        EV: 12    Int: 13    God:
Gold:   97         SH:  0    Dex: 13    Spells: 0/6 levels left

rFire    . . .     SeeInvis .   a - +0 spear
rCold    . . .     Gourm    .   (no shield)
rNeg     . . .     Faith    .   b - +0 leather armour
rPois    .         Spirit   .   (no helmet)
rElec    .         Reflect  .   (no cloak)
rCorr    .         Harm     .   (no gloves)
MR       .....                  (no boots)
Stlth    +.........             (no amulet)
HPRegen  0.09/turn              (no ring)
MPRegen  0.10/turn              (no ring)

@: no status effects
A: change form in water, swift swim, stealthy swim
a: no special abilities


You were on level 4 of the Dungeon.
You were not hungry.

You visited 1 branch of the dungeon, and saw 4 of its levels.

You collected 97 gold pieces.

Inventory:

Hand Weapons
 a - a +0 spear (weapon)
Missiles
 i - 11 sling bullets
Armour
 b - a +0 leather armour (worn)
 g - a +0 ring mail
Scrolls
 e - a scroll of identify {unknown}
Potions
 f - a potion of flight {unknown}
 j - a potion of heal wounds {unknown}
Books
 c - a book of Battle

   Spells                             Type                      Level
   a - Infusion                       Charms                       1
   b - Shroud of Golubria             Charms/Translocation         2
   c - Song of Slaying                Charms                       2
   d - Spectral Weapon                Hexes/Charms                 3
   e - Regeneration                   Charms/Necromancy            3
Comestibles
 d - 2 rations


   Skills:
 + Level 2.1 Fighting
 - Level 4.0 Polearms
 - Level 0.6 Armour
 - Level 2.6 Dodging
 - Level 2.0 Spellcasting
 + Level 1.0 Hexes
 + Level 3.6 Charms
 - Level 1.3 Translocations


You couldn't memorise any spells.
You knew the following spells:

 Your Spells              Type           Power        Failure   Level  Hunger
a - Infusion              Chrm           ##..         8%          1    ##.....
t - Shroud of Golubria    Chrm/Tloc      #.........   19%         2    ###....
x - Spectral Weapon       Hex/Chrm       #.......     36%         3    ####...


Dungeon Overview and Level Annotations

Branches:
Dungeon (4/15)
 Temple: D:4-7

Altars:

Annotations:
D:4 dscm's ghost, weakling DsNe


Message History

The orc priest looks braver for a moment.
The orc priest looks satisfied for a moment.
Dscm's ghost barely misses you. Dscm's ghost barely misses you.
Dscm's ghost hits you. Dscm's ghost hits you. Dscm's ghost barely misses you.
The orc priest barely misses you. Dscm's ghost hits you.
Dscm's ghost closely misses you. The orc priest closely misses you.
Dscm's ghost closely misses you. The iguana barely misses you.
The orc priest hits you.
The orc wizard miscasts a cantrip.
The orc wizard casts a spell.
The orc wizard flickers and vanishes!
Deactivating autopickup; reactivate with Ctrl-A.
Dscm's ghost barely misses you. The iguana bites you. The orc priest hits you.
* * * LOW HITPOINT WARNING * * *
Dscm's ghost closely misses you. The iguana bites you!
Ouch! That really hurt!
You die...

###....####.....##
.....###........#
##..##...........#
#............###..#
.##......#### #..#
##...### #.. #o..##
#... ##lWw.# ...#
#o@#..## ...#
#..##.o## ##..#
#.###.w.### ##..# .#
##.....###...# ###.
#.w.........# ...
#....#......###
##.###.l..#...#....##
#.#........####...#
##..........##......


You could see a worm, an iguana, an orc priest, an orc wizard and dscm's ghost.

Vanquished Creatures
  2 gnolls (D:4)
  A dart slug (D:1)
  A leopard gecko (D:1)
  3 giant cockroaches (D:1)
  2 goblins (D:1)
  3 hobgoblins (D:1)
  6 kobolds (D:1)
  A bat (D:1)
  4 frilled lizards (D:1)
  2 rats (D:1)
25 creatures vanquished.

Notes
Turn   | Place    | Note
-------+----------+-------------------------------------------
     0 | D:1      | letownia2 the Merfolk Skald began the quest for the Orb.
     0 | D:1      | Reached XP level 1. HP: 16/16 MP: 3/3
    27 | D:1      | Reached skill level 4 in Polearms
    27 | D:1      | Reached XP level 2. HP: 14/22 MP: 0/5
    33 | D:1      | Learned a level 2 spell: Shroud of Golubria
   169 | D:1      | Reached skill level 1 in Translocations
   234 | D:1      | Reached XP level 3. HP: 18/27 MP: 2/6
   239 | D:1      | Learned a level 3 spell: Spectral Weapon
   383 | D:4      | Reached skill level 1 in Hexes
   405 | D:4      | Noticed dscm's ghost (weakling DsNe)
   479 | D:4      | Noticed an orc warrior
   522 | D:4      | Mangled by an iguana

Skill      XL: |  1  2  3 |
---------------+----------+-----
Polearms       | 4 |  4.0
Translocations | 1 |  1.3
Hexes          | 1 |  1.0
Fighting       | |  2.1
Armour         | |  0.6
Dodging        | |  2.6
Spellcasting   | |  2.0
Charms         | |  3.6

Action                   || total
-------------------------++-------
Melee: Spear             ||   101
 Cast: Infusion          ||     4
       Shroud of Golubri ||     6
       Spectral Weapon   ||     1
 Stab: Distracted        ||     1
Armor: Leather armour    ||    14
Dodge: Dodged            ||    57
